 Dungeon Crawl Stone Soup version 0.21.1-1-g345015f (webtiles) character file.

52 gerrrit the Magician (level 3, -6/26 HPs)
             Began as a Draconian Wizard on Apr 3, 2018.
             Killed from afar by Sigmund (10 damage)
             ... with a wand of flame (11)
             ... on level 2 of the Dungeon.
             The game lasted 00:17:03 (2016 turns).

gerrrit the Magician (Draconian Wizard)             Turns: 2016, Time: 00:17:04

Health: -6/26      AC:  6    Str:  9    XL:     3   Next: 60%
Magic:  1/8        EV: 12    Int: 19    God:
Gold:   64         SH:  0    Dex:  9    Spells: 3/9 levels left

rFire    . . .     SeeInvis .   e - +0 short sword
rCold    . . .     Gourm    .   (no shield)
rNeg     . . .     Faith    .   (armour unavailable)
rPois    .         Spirit   .   a - +1 hat
rElec    .         Reflect  .   (no cloak)
rCorr    .         Harm     .   (no gloves)
MR       .....                  (no boots)
Stlth    ++........             (no amulet)
HPRegen  0.08/turn              (no ring)
MPRegen  0.11/turn              (no ring)

@: very slightly contaminated
A: unfitting armour, cold-blooded, AC +5
a: no special abilities


You were on level 2 of the Dungeon.
You were hungry.

You visited 1 branch of the dungeon, and saw 2 of its levels.

You collected 64 gold pieces.

Inventory:

Hand Weapons
 e - a +0 short sword (weapon)
 h - a cursed -2 spear
Armour
 a - a +1 hat (worn)
Potions
 d - 2 potions of heal wounds {unknown}
 g - a potion of invisibility {unknown}
 j - a potion of lignification {unknown}
Books
 b - a book of Minor Magic

   Spells                             Type                      Level
   a - Magic Dart                     Conjuration                  1
   b - Blink                          Translocation                2
   c - Call Imp                       Summoning                    2
   d - Slow                           Hexes                        2
   e - Conjure Flame                  Conjuration/Fire             3
   f - Mephitic Cloud                 Conjuration/Poison/Air       3
Comestibles
 c - 3 rations


   Skills:
 + Level 1.0 Short Blades
 + Level 2.0 Dodging
 + Level 1.8 Stealth
 + Level 3.8 Spellcasting
 + Level 1.6 Conjurations
   Level 1.0 Summonings
 + Level 1.0 Translocations
 + Level 0.1 Air Magic


You had 3 spell levels left.
You knew the following spells:

 Your Spells              Type           Power        Failure   Level  Hunger
a - Magic Dart            Conj           #...         7%          1    None
b - Blink                 Tloc           N/A          14%         2    ##.....
c - Mephitic Cloud        Conj/Pois/Air  #.......     32%         3    ###....


Dungeon Overview and Level Annotations

Branches:
Dungeon (2/15)

Altars:

Annotations:
D:2 Sigmund


Innate Abilities, Weirdness & Mutations

Your plain brown scales are hard. (AC +5)
You cannot fit into any form of body armour.
You are cold-blooded and may be slowed by cold attacks.


Message History

Confirm with . or Enter, or press ? or * to list all spells.
Aiming: Magic Dart
Press: ? - help, Shift-Dir - straight line, f/p - Sigmund
Aim: Sigmund, wielding a scythe, wearing a runed robe and carrying a wand of flame (12) (lightly wounded)
You miscast Magic Dart.
Wisps of smoke drift from your hands.
Sigmund casts a spell.
Sigmund flickers and vanishes!
You are confused.
You hear a zap.
A puff of flame appears from out of thin air!
The puff of flame hits you!
Found a sedimented coppery potion.
You feel less confused.
A puff of flame appears from out of thin air!
The puff of flame hits you!
* * * LOW HITPOINT WARNING * * *
You hear a zap.
A puff of flame appears from out of thin air!
The puff of flame hits you!
You die...

## #. ..# ## #.# ... .. #.#
#.# .# #.# #.# ..# #.#
#############.##..# #####.#
#............>)...#
......###.####..@......##!#
..........# #.######..#
###.#.#.### #.# #..#
#.#.#.# #.# #..# #...<.#
#.# #..# ###...).######.#
#..# .............#.# #..#
###...@.....)#.# #..#
#..........#.######..#


There were no monsters in sight!

Vanquished Creatures
  An adder (D:2)
  An ooze (D:1)
  A dart slug (D:1)
  4 bats (D:1)
  A giant cockroach (D:1)
  6 hobgoblins (D:1)
  A quokka (D:2)
  2 ball pythons (D:1)
  6 frilled lizards (D:1)
  4 goblins
  5 kobolds
  5 rats
37 creatures vanquished.

Notes
Turn   | Place    | Note
-------+----------+-------------------------------------------
     0 | D:1      | gerrrit the Draconian Wizard began the quest for the Orb.
     0 | D:1      | Reached XP level 1. HP: 14/14 MP: 4/4
   274 | D:1      | Reached XP level 2. HP: 20/20 MP: 1/6
   414 | D:1      | Learned a level 2 spell: Blink
   923 | D:1      | Reached XP level 3. HP: 20/26 MP: 2/8
  1097 | D:1      | Learned a level 3 spell: Mephitic Cloud
  1474 | D:1      | Learned a level 2 spell: Blink
  1585 | D:2      | Reached skill level 1 in Short Blades
  1817 | D:2      | Noticed Sigmund
  2016 | D:2      | Killed from afar by Sigmund

Skill      XL: |  1  2  3 |
---------------+----------+-----
Dodging        | 2 |  2.0
Short Blades   | 1 |  1.0
Stealth        | |  1.8
Spellcasting   | |  3.8
Conjurations   | |  1.6
Summonings     | |  1.0
Translocations | |  1.0
Air Magic      | |  0.1

Action                   || total
-------------------------++-------
Melee: Unarmed           ||     7
       Tailslap          ||     4
       Short sword       ||    40
 Cast: Magic Dart        ||    72
       Mephitic Cloud    ||     8
  Use: Scroll            ||     4
 Stab: Sleeping          ||     1
  Eat: Ration            ||     1
Armor: Skin              ||    21
Dodge: Dodged            ||    50
